 Dungeon Crawl Stone Soup version 0.21-a0-143-g1ab7d47 (webtiles) character file.

8575 drasked the Destroyer (level 11, 0/54 (56) HPs)
             Began as a Deep Elf Fire Elementalist on July 26, 2017.
             Was a Priest of Vehumet.
             Killed from afar by p0werm0de's ghost (4 damage)
             ... with a zap
             ... on level 10 of the Dungeon.
             The game lasted 00:46:44 (12801 turns).

drasked the Destroyer (Deep Elf Fire Elementalist) Turns: 12801, Time: 00:46:45

HP:   0/54 (56)     AC: 11    Str:  5      XL:     11   Next: 11%
MP:   7/18          EV: 10    Int: 24      God:    Vehumet [***...]
Gold: 1148          SH:  5    Dex: 14 (15) Spells: 2/17 levels left

rFire    + . .     SeeInvis .   D - +3 dagger (elec)
rCold    + . .     Gourm    +   q - +0 buckler
rNeg     . . .     Faith    .   T - +1 ring mail of Love and Death {rF+}
rPois    .         Spirit   .   j - +0 helmet
rElec    .         Reflect  .   Q - scarf {cloud immunity}
rCorr    .         Harm     .   I - +2 pair of gloves
MR       +....                  t - +0 pair of boots
Stlth    +.........             n - amulet of the gourmand {Gourm, !d}
HPRegen  0.18/turn              E - +3 ring of slaying
MPRegen  0.16/turn              h - ring of protection from cold {rC+, !d}

@: very slightly contaminated, studying Crossbows
A: no striking features
a: Renounce Religion


You were on level 10 of the Dungeon.
You worshipped Vehumet.
Vehumet was most pleased with you.
You were very full.

You visited 2 branches of the dungeon, and saw 11 of its levels.
You also visited: Ossuary.

You collected 1148 gold pieces.

Inventory:

Hand Weapons
 D - a +3 dagger of electrocution (weapon)
   (You took it off an orc wizard on level 4 of the Dungeon)
Missiles
 A - 2 throwing nets {=f, !d}
Armour
 j - a +0 helmet (worn)
   (You found it on level 1 of the Dungeon)
 q - a +0 buckler (worn)
   (You found it on level 2 of the Dungeon)
 t - a +0 pair of boots (worn)
   (You found it on level 2 of the Dungeon)
 I - a +2 pair of gloves (worn)
   (You found it on level 5 of the Dungeon)
 Q - a scarf of cloud immunity (worn)
   (You found it on level 8 of the Dungeon)
 T - the +1 ring mail of Love and Death (worn) {rF+}
   (You found it on level 10 of the Dungeon)

   It protects you from fire.
 U - a +0 robe of cold resistance
   (You found it on level 10 of the Dungeon)
Jewellery
 h - a ring of protection from cold (right hand) {rC+, !d}
   (You found it on level 1 of the Dungeon)
 n - an amulet of the gourmand (around neck) {Gourm, !d}
   (You found it on level 3 of the Dungeon)
 E - a +3 ring of slaying (left hand)
   (You found it on level 5 of the Dungeon)
 N - an uncursed ring of resist corrosion
   (You found it on level 8 of the Dungeon)
Wands
 v - a wand of digging (10/24)
   (You found it on level 6 of the Dungeon)
 J - a wand of digging (9/24)
   (You found it on level 7 of the Dungeon)
 K - a wand of iceblast (2/15)
   (You found it on level 5 of the Dungeon)
 M - a wand of polymorph (13/24)
   (You found it on level 9 of the Dungeon)
Scrolls
 e - a scroll of fear
 f - 3 scrolls of teleportation
 g - 5 scrolls of fog
 i - 2 scrolls of remove curse
 l - a scroll of recharging {unknown}
 x - 3 scrolls of amnesia
 y - 2 scrolls of enchant armour
 C - 3 scrolls of identify
 F - 2 scrolls of enchant weapon
 P - a scroll of blinking {!r}
Potions
 d - 2 potions of lignification {!q}
 k - a potion of cancellation {unknown}
 m - a potion of berserk rage {!q}
 o - 2 potions of brilliance
 p - a potion of invisibility {unknown}
 r - a potion of haste
 s - a potion of ambrosia {unknown}
 w - 6 potions of curing
 B - 3 potions of heal wounds
 H - a potion of flight {unknown}
 O - 2 potions of resistance {unknown}
Books
 b - a book of Flames
 u - a book of Misfortune
   (You found it on level 5 of the Dungeon)
 R - a manual of Crossbows {!d}
   (You found it on level 9 of the Dungeon)
 S - a book of Frost
   (You found it on level 9 of the Dungeon)
Comestibles
 c - 7 bread rations {@e1}
 z - 6 meat rations {@e2}
 G - 2 royal jellies
 L - 4 fruits


   Skills:
 * Level 1.6 Fighting
 * Level 3.7 Dodging
 - Level 2.4 Stealth
 - Level 4.1 Shields
 + Level 3.5 Spellcasting
 + Level 12.4 Conjurations
 + Level 12.4 Fire Magic


You had 2 spell levels left.
You knew the following spells:

 Your Spells              Type           Power        Failure   Level  Hunger
a - Flame Tongue          Conj/Fire      #####        1%          1    None
c - Conjure Flame         Conj/Fire      ######..     1%          3    ###....
f - Fireball              Conj/Fire      ######....   2%          5    ######.
s - Sticky Flame          Conj/Fire      ######..     1%          4    ####...
x - Throw Flame           Conj/Fire      ######       1%          2    #......


Dungeon Overview and Level Annotations

Branches:
Dungeon (10/15)            Temple (1/1) D:4            Lair (0/6) D:9
    Orc: D:9-12

Altars:
Ashenzari
Cheibriados
Dithmenos
Elyvilon
Fedhas
Gozag
Hepliaklqana
Kikubaaqudgha
Makhleb
Nemelex Xobeh
Okawaru
Qazlal
Ru
Sif Muna
Trog
Uskayaw
Vehumet
Wu Jian
Xom
Yredelemnul
Zin
The Shining One

Shops:
D:7 [

Annotations:
D:10 p0werm0de's ghost, novice BaAE


Message History

C - 3 scrolls of identify (gained 1)
You now have 1148 gold pieces (gained 9).
Items here: ( ) [ † a glaive; 7 tomahawks; a chain mail; an orc corpse
Things that are here:
a dagger; a robe; an orc corpse
Found a stone staircase leading up.
The orc priest shouts!
The orc priest invokes the aid of Beogh against you.
Beogh smites you!
You take 13 damage, and have 41/54 hp.
MASSIVE DAMAGE!!
Aim: an orc priest, wielding a club The flame tongue hits the orc priest.
You now have 17/18 mp.
Aim: an orc priest, wielding a club (heavily wounded)
The flame tongue hits the orc priest.
You now have 16/18 mp.
Aim: an orc priest, wielding a club (severely wounded)
The flame tongue hits the orc priest.
The orc priest invokes the aid of Beogh against you.
Pain shoots through your body!
You take 8 damage, and have 33/54 hp.
You now have 15/18 mp.
Aim: an orc priest, wielding a club (almost dead)
The flame tongue hits the orc priest.
You kill the orc priest!
Vehumet accepts your kill.
You feel your power returning.
A crimson imp comes into view.
The crimson imp shouts!
You see here a runed robe.
You hit the crimson imp.
Lightning courses through the crimson imp!
You kill the crimson imp!
Vehumet accepts your kill.
w - 6 potions of curing (gained 1)
Things that are here:
a club; an orc corpse You see here a runed robe.
U - a runed robe Wear which item? (? for menu, Esc to quit)
You start removing your armour.
You continue taking off the +1 ring mail of Love and Death {rF+}. x4
You finish taking off the +1 ring mail of Love and Death {rF+}.
You start putting on your armour.
You continue putting on your runed robe. x5
You finish putting on your +0 robe of cold resistance.
You feel resistant to cold.
You regained 2 hp, and now have 37/54 hp.
MP restored: 18 You start removing your armour.
You continue taking off your +0 robe of cold resistance. x4
You finish taking off your +0 robe of cold resistance.
You feel less resistant to cold.
You start putting on your armour.
You continue putting on the +1 ring mail of Love and Death {rF+}. x5
You finish putting on the +1 ring mail of Love and Death {rF+}.
You regained 2 hp, and now have 39/54 hp.
Drop what? 47/52 slots (_ for help) (? for menu, Esc to quit)
You drop a +0 robe.
You can't memorise that many levels of magic yet!
Unknown command.
You start resting.
Health restored: 54 P0werm0de's ghost (novice Barachi Air Elementalist) comes into view.
P0werm0de's ghost turns its malevolent gaze towards you.
P0werm0de's ghost says, "I break bones and crack skulls... with my bare hands."
P0werm0de's ghost hits you!
You take 16 damage, and have 38/54 hp.
MASSIVE DAMAGE!!
Aim: p0werm0de's ghost You miscast Sticky Flame.
You are very lightly contaminated with residual magic.
You have a brief vision of globes of primordial fire.
P0werm0de's ghost barely misses you.
You now have 14/18 mp.
Aim: p0werm0de's ghost The sticky flame hits p0werm0de's ghost.
P0werm0de's ghost hits you but does no damage.
You now have 10/18 mp.
Aim: p0werm0de's ghost (lightly damaged)
The puff of flame hits p0werm0de's ghost.
P0werm0de's ghost completely misses you.
You now have 8/18 mp.
Aim: p0werm0de's ghost (lightly damaged)
The puff of flame hits p0werm0de's ghost.
P0werm0de's ghost waves its arms in wide circles.
The air twists around and strikes you!
An ogre comes into view. It is wielding a giant spiked club.
You take 17 damage, and have 21/54 hp.
MASSIVE DAMAGE!!
You now have 6/18 mp.
P0werm0de's ghost waves its arms in wide circles.
The air twists around and strikes you!
* * * LOW HITPOINT WARNING * * *
You take 18 damage, and have 4/54 hp.
MASSIVE DAMAGE!!
P0werm0de's ghost casts a spell at you. The zap hits you!
You die...

...###...#..###.##.
.....#........).)..
.....#.#)#..###.###
..........[.# #.#
.........##.###.#
###.##..##..##.###
#.##...)........
#.####....#.......###
#...@..W..).##.####
########.#.###.#
#.#.# #.# #.#.# #.#
#.#.# #.# #O#.# #.#
... ..


You could see p0werm0de's ghost.

Vanquished Creatures
  3 two-headed ogres
  Pikel (D:8)
  A komodo dragon (D:9)
  A troll (D:9)
  3 hippogriffs
  A vampire (D:10)
  A wyvern (D:8)
  A spriggan (D:7)
  A hungry ghost (D:8)
  The ghost of braks the Sneak, an amateur OpWr (Ossuary)
  A water moccasin (D:8)
  3 ice beasts
  An orc warrior (D:10)
  A hornet zombie (D:8)
  3 phantoms (D:9)
  4 necrophages
  5 ogres
  A centaur (D:9)
  5 bullfrogs
  4 water moccasin zombies (Ossuary)
  5 scorpions
  5 killer bees (D:7)
  2 howler monkeys
  3 wights (D:9)
  8 crimson imps
  3 orc priests
  8 hounds
  A gnoll shaman (D:6)
  5 orc wizards
  Natasha (twice) (D:4)
  3 iguanas
  9 worker ants
  4 big kobold zombies (Ossuary)
  A hound skeleton (D:9)
  2 mummies (Ossuary)
  A howler monkey zombie (D:7)
  3 worker ant zombies
  8 gnolls
  A howler monkey skeleton (D:8)
  13 adders
  A shadow imp (D:5)
  3 white imps (D:10)
  An ooze (D:3)
  4 adder zombies (Ossuary)
  2 worms
  4 dart slugs
  6 leopard geckos
  19 orcs
  4 ball pythons
  7 bats
  13 giant cockroaches
  5 goblins
  9 hobgoblins
  4 jackals
  3 quokkas
  8 frilled lizards
  3 gnoll zombies (Ossuary)
  6 hobgoblin zombies (Ossuary)
  12 kobolds
  7 orc zombies (Ossuary)
  A quokka zombie (D:9)
  12 rats
263 creatures vanquished.

Vanquished Creatures (others)
  An ogre (D:8)
  A centaur (D:8)
  An orc (D:8)
  A plant (D:9)
4 creatures vanquished.

Grand Total: 267 creatures vanquished

Notes
Turn   | Place    | Note
-------+----------+-------------------------------------------
     0 | D:1      | drasked the Deep Elf Fire Elementalist began the quest for the Orb.
     0 | D:1      | Reached XP level 1. HP: 10/10 MP: 6/6
    87 | D:1      | Reached skill level 2 in Conjurations
   127 | D:1      | Reached XP level 2. HP: 15/15 MP: 6/8
   136 | D:1      | Learned a level 2 spell: Throw Flame
   352 | D:1      | Reached skill level 3 in Conjurations
   361 | D:1      | HP: 3/15 [gnoll/whip (7)]
   362 | D:1      | Reached XP level 3. HP: 4/19 MP: 5/9
  1178 | D:1      | Reached skill level 4 in Conjurations
  1302 | D:2      | You fall through a shaft for 2 floors!
  1333 | D:3      | Reached XP level 4. HP: 19/24 MP: 5/10
  1633 | D:2      | Reached skill level 4 in Fire Magic
  2030 | D:3      | Reached XP level 5. HP: 26/28 MP: 6/11
  2481 | D:3      | Found an ancient bone altar of Kikubaaqudgha.
  2779 | D:4      | Noticed an ogre
  2802 | D:4      | Noticed Natasha
  2809 | D:4      | Killed Natasha
  2809 | D:4      | Reached skill level 5 in Conjurations
  2809 | D:4      | Reached skill level 5 in Fire Magic
  2825 | D:4      | Learned a level 4 spell: Sticky Flame
  2829 | D:4      | Learned a level 3 spell: Conjure Flame
  2889 | D:4      | Reached XP level 6. HP: 32/32 MP: 8/12
  3122 | D:4      | Noticed Natasha
  3130 | D:4      | Killed Natasha
  3277 | D:4      | Found a shattered altar of Ashenzari.
  3279 | D:4      | Found a staircase to the Ecumenical Temple.
  3304 | D:4      | Reached skill level 6 in Conjurations
  3304 | D:4      | Reached skill level 6 in Fire Magic
  3330 | Temple   | Entered the Ecumenical Temple
  3680 | Temple   | Became a worshipper of Vehumet
  3873 | D:5      | Entered Level 5 of the Dungeon
  4051 | D:5      | Reached XP level 7. HP: 36/36 MP: 9/13
  4380 | D:5      | Reached skill level 7 in Fire Magic
  4556 | D:5      | Reached skill level 7 in Conjurations
  4716 | D:5      | Found a hazy altar of Hepliaklqana.
  4916 | D:5      | Reached XP level 8. HP: 30/41 MP: 9/14
  5322 | D:6      | Reached * piety under Vehumet
  5322 | D:6      | Offered knowledge of Magic Dart by Vehumet.
  5322 | D:6      | Reached skill level 8 in Fire Magic
  5558 | D:6      | Reached skill level 8 in Conjurations
  5723 | D:6      | Found a sand-covered staircase.
  5729 | Ossuary  | Entered an ossuary
  5729 | Ossuary  | Noticed braks's ghost (amateur OpWr)
  5737 | Ossuary  | Killed braks's ghost
  6353 | Ossuary  | Reached skill level 9 in Fire Magic
  6358 | Ossuary  | Reached skill level 9 in Conjurations
  6807 | D:6      | Offered knowledge of Throw Frost by Vehumet.
  6810 | D:6      | Reached ** piety under Vehumet
  7657 | D:7      | Reached skill level 1 in Shields
  7818 | D:7      | Reached XP level 9. HP: 44/45 MP: 11/15
  7858 | D:7      | Found Tuadgh's Armour Emporium.
  7984 | D:7      | Found a burning altar of Makhleb.
  8037 | D:7      | Reached skill level 2 in Shields
  8722 | D:8      | Reached skill level 10 in Conjurations
  8737 | D:8      | Reached skill level 3 in Shields
  8737 | D:8      | Reached skill level 10 in Fire Magic
  8866 | D:8      | Found a hide-covered altar of Uskayaw.
  8866 | D:8      | Noticed a two-headed ogre
  8875 | D:8      | Noticed Pikel
  8883 | D:8      | Killed a two-headed ogre
  8910 | D:8      | HP: 9/45 [Pikel/whip of flaming (5)]
  8912 | D:8      | Killed Pikel
  8912 | D:8      | Reached XP level 10. HP: 10/50 MP: 2/16
  9408 | D:8      | Reached skill level 11 in Conjurations
  9589 | D:8      | Found a stormy altar of Qazlal.
  9718 | D:8      | Reached skill level 11 in Fire Magic
  9919 | D:8      | Noticed a two-headed ogre
  9936 | D:8      | Killed a two-headed ogre
  9936 | D:8      | Reached skill level 4 in Shields
 10612 | D:9      | Offered knowledge of Stone Arrow by Vehumet.
 10621 | D:9      | Learned a level 5 spell: Fireball
 10762 | D:9      | Found a staircase to the Lair.
 11024 | D:9      | Reached skill level 12 in Conjurations
 11028 | D:9      | Reached skill level 12 in Fire Magic
 11119 | D:8      | Reached *** piety under Vehumet
 11524 | D:9      | Found a glowing golden altar of the Shining One.
 11838 | D:10     | Entered Level 10 of the Dungeon
 12062 | D:10     | Noticed a two-headed ogre
 12070 | D:10     | Killed a two-headed ogre
 12070 | D:10     | Reached XP level 11. HP: 53/53 MP: 5/17
 12161 | D:10     | Got a bloodstained ring mail
 12184 | D:10     | Reached skill level 1 in Fighting
 12184 | D:10     | Reached skill level 3 in Dodging
 12242 | D:10     | Offered knowledge of Mephitic Cloud by Vehumet.
 12513 | D:9      | Identified the +1 ring mail of Love and Death {rF+} (You found it on level 10 of the Dungeon)
 12788 | D:10     | Noticed p0werm0de's ghost (novice BaAE)
 12800 | D:10     | HP: 4/54 [p0werm0de's ghost/the air (18)]
 12801 | D:10     | Killed from afar by p0werm0de's ghost

Vault maps used:
D:1:      dpeg_arrival_chase
D:3:      kiku_gazebo_garden_becter
D:4:      temple_fountains, first_bread, ashenzari_altar_1, uniq_natasha
D:5:      minmay_opposing_rooms, kennysheep_mini_moat, minmay_misc_feat_columns
D:6:      nicolae_ossuary_entry_plus
D:7:      serial_shops, nicolae_shop_statue_plus, abandoned_shop, the_bakery,
          makhleb_blood_cavern_becter
D:8:      kennysheep_mini, basic_altar, uniq_pikel
D:9:      lemuel_round_altar, david_lair_shrubbed
D:10:     minmay_nine_imps
Temple:   dpeg_five_rooms_temple
Ossuary:  ossuary_tomb_2

Skill      XL: |  1  2  3  4  5  6  7  8  9 10 11 |
---------------+----------------------------------+-----
Conjurations   | 2 3 4 5 6 7 9 10 12 | 12.4
Fire Magic     | 4 5 6 7 9 10 12 | 12.4
Shields        | 1 3 4 |  4.1
Fighting       | 1 |  1.6
Dodging        | 3 |  3.7
Stealth        | |  2.4
Spellcasting   | |  3.5

Action                   |  1- 3 |  4- 6 |  7- 9 | 10-12 || total
-------------------------+-------+-------+-------+-------++-------
Melee: Short sword       |     3 |     1 |       |       ||     4
       Dagger            |       |       |    23 |    51 ||    74
 Cast: Flame Tongue      |    72 |   138 |   247 |   171 ||   628
       Throw Flame       |       |     9 |    14 |    45 ||    68
       Sticky Flame      |       |     1 |    12 |    14 ||    27
       Conjure Flame     |       |       |     6 |    14 ||    20
  Use: Scroll            |       |     1 |    13 |       ||    14
       Potion            |       |       |       |     4 ||     4
 Stab: Sleeping          |       |       |       |     1 ||     1
  Eat: Chunk             |     1 |    10 |    16 |    21 ||    48
       Royal jelly       |       |     1 |       |       ||     1
       Fruit             |       |       |       |     3 ||     3
Armor: Robe              |     6 |    16 |    40 |    27 ||    89
       Ring mail         |       |       |       |     2 ||     2
Dodge: Dodged            |    18 |    44 |    98 |    85 ||   245
Block: Buckler           |       |       |       |    21 ||    21

Vault maps used:
D:1:      dpeg_arrival_chase
D:3:      kiku_gazebo_garden_becter
D:4:      temple_fountains, first_bread, ashenzari_altar_1, uniq_natasha
D:5:      minmay_opposing_rooms, kennysheep_mini_moat, minmay_misc_feat_columns
D:6:      nicolae_ossuary_entry_plus
D:7:      serial_shops, nicolae_shop_statue_plus, abandoned_shop, the_bakery,
          makhleb_blood_cavern_becter
D:8:      kennysheep_mini, basic_altar, uniq_pikel
D:9:      lemuel_round_altar, david_lair_shrubbed
D:10:     minmay_nine_imps
Temple:   dpeg_five_rooms_temple
Ossuary:  ossuary_tomb_2

Table legend:
 A = Turns spent in this place as a percentage of turns spent in the entire game.
 B = Non-inter-level travel turns spent in this place as a percentage of non-inter-level travel turns spent in the entire game.
 C = Inter-level travel turns spent in this place as a percentage of turns spent in this place.
 D = Turns resting spent in this place as a percentage of non-inter-level travel turns spent in this place.
 E = Turns spent auto-exploring this place as a percentage of non-inter-level travel turns spent in this place.
 F = Non-inter-level travel turns spent in this place divided by the number of levels of this place that you've seen.
                   A       B       C       D       E      F
               +-------+-------+-------+-------+-------+----------------------
         Total | 100.0 | 100.0 |   0.5 |   4.3 |   7.3 | 322.1
       Dungeon |  92.4 |  92.4 |   0.5 |   4.0 |   7.2 | 357.1
        Temple |   1.2 |   1.2 |   4.2 |   4.3 |  30.4 |  46.0
       Ossuary |   6.4 |   6.4 |   0.0 |   8.9 |   4.8 | 248.0
               +-------+-------+-------+-------+-------+----------------------

Table legend:
 A = Kills in this place as a percentage of kills in entire the game.
 B = Kills by you in this place as a percentage of kills by you in the entire game.
 C = Kills by friends in this place as a percentage of kills by friends in the entire game.
 D = Other kills in this place as a percentage of other kills in the entire game.
 E = Experience gained in this place as a percentage of experience gained in the entire game.
 F = Experience gained in this place divided by the number of levels of this place that you have seen.
                   A       B       C       D       E      F
               +-------+-------+-------+-------+-------+----------------------
         Total | 100.0 | 100.0 |  -nan |  -nan | 100.0 | 1020.8
       Dungeon |  88.2 |  88.2 |  -nan |  -nan |  94.6 | 1158.6
       Ossuary |  11.8 |  11.8 |  -nan |  -nan |   5.4 | 664.0
               +-------+-------+-------+-------+-------+----------------------
